Map: Thunderbird LE

Players

katsuo - Winner!

  • Race: Protoss Protoss
  • League: Platinum
  • Spawn Location: 11:00

Mesrob

  • Race: Terran Terran
  • League: Platinum
  • Spawn Location: 5:00

VOD

Have the link to the VOD?

Description

Time

  • Played on: July 14, 2019, 2:59 p.m.
  • Length: 6:38
Show
View Real Time Build Order
Export as new Build Order

katsuo Protoss - Winner!

Build Orders: Blink Stalkers 

Get SALT Encoding   

  12  0:01  Probe  
  13  0:13  Probe  
  14  0:18  Pylon  
  14  0:26  Probe  
  15  0:39  Probe, Gateway  
  16  0:45  Assimilator  
  16  0:47  Probe  
  16  0:56  Probe  
  17  1:01  Assimilator  
  18  1:07  Probe  
  19  1:13  Pylon  
  19  1:29  Probe  
  19  1:31  Cybernetics Core  
  19  1:37  Probe  
  21  1:51  Probe  
  22  1:59  Stalker  
  22  2:03  Probe  
  25  2:09  Warp Gate  
  25  2:26  Nexus  
  25  2:32  Probe  
  26  2:38  Twilight Council  
  26  2:44  Probe  
  26  2:52  Stalker  
  26  2:57  Blink  
  28  3:17  Pylon  
  28  3:21  Gateway  
  28  3:30  Stalker  
  30  3:35  Gateway  
  30  3:40  Probe  
  31  3:44  Probe  
  32  3:52  Probe  
  33  4:06  Probe x2  
  35  4:11  Stalker  
  37  4:17  Stalker  
  37  4:18  Probe  
  37  4:19  Probe  
  41  4:25  Pylon  
  41  4:32  Stalker, Gateway  
  41  4:35  Stalker  
  45  4:41  Stalker  
  45  4:44  Probe x2  
  47  4:52  Probe x2  
  51  5:00  Pylon, Stalker  
  51  5:05  Stalker  
  55  5:11  Probe x2  
  57  5:17  Pylon  
  55  5:34  Stalker x4  
  59  5:59  Stalker x3  
  65  6:08  Pylon  
Show
View Real Time Build Order
Export as new Build Order

Mesrob Terran 

Build Orders: 2 Factory, Reaper Expand 

Get SALT Encoding   

  12  0:00  SCV  
  13  0:12  SCV  
  14  0:36  Supply Depot  
  14  0:40  Refinery, SCV  
  15  0:57  SCV  
  15  0:59  Barracks  
  16  1:11  SCV  
  17  1:23  SCV  
  17  1:25  Refinery  
  18  1:38  Supply Depot  
  18  1:50  Reaper, Command Center  
  19  2:04  Orbital Command  
  19  2:22  Barracks Reactor  
  19  2:28  Factory  
  20  2:30  SCV  
  20  2:53  SCV  
  21  3:04  Orbital Command  
  21  3:08  SCV  
  22  3:17  Supply Depot  
  22  3:20  SCV  
  22  3:21  Hellion x2  
  27  3:27  Factory  
  27  3:32  Engineering Bay  
  27  3:33  SCV  
  28  3:36  SCV  
  28  3:41  Supply Depot  
  29  3:48  SCV  
  29  3:53  Hellion x2  
  29  3:54  SCV  
  35  4:00  SCV  
  36  4:06  SCV  
  37  4:10  Factory Tech Lab  
  37  4:12  SCV  
  37  4:13  Armory  
  38  4:18  SCV  
  38  4:22  Hellion  
  38  4:23  Hellion  
  43  4:26  Supply Depot  
  43  4:33  Cyclone  
  43  4:37  SCV  
  47  4:40  SCV  
  48  4:49  Supply Depot, SCV  
  49  4:53  Mag-Field Accelerator  
  49  4:57  Hellion x2  
  53  5:04  Refinery  
  53  5:05  Cyclone  
  53  5:06  SCV  
  57  5:07  Refinery, Supply Depot  
  57  5:08  SCV  
  54  5:35  Hellbat x2  
  58  5:37  Cyclone  
  58  5:41  Supply Depot x2  
  57  6:01  Supply Depot x2  
  57  6:02  Supply Depot  
  57  6:03  Hellbat x2  
  61  6:04  Supply Depot  
  61  6:06  Supply Depot  
  61  6:10  Supply Depot  
  59  6:18  Supply Depot  
Tags
 
Add a new tag
Caveats
  • Supply blocks, unpowered buildings, or Contaminate may cause inaccurate times.
  • Supply counts are checked every 10 seconds.